 Dungeon Crawl Stone Soup version 0.27-a0-1332-g84bddb5ca7 (webtiles) character file.

Game seed: 8158553245218902099

144 funkygono the Gusty (level 5, -1/28 HPs)
             Began as a Tengu Air Elementalist on June 25, 2021.
             Killed by nerve-wracking pain
             ... invoked by Grinder
              (13 damage)
             ... on level 3 of the Dungeon.
             The game lasted 00:07:42 (3161 turns).

funkygono the Gusty (Tengu Air Elementalist)        Turns: 3161, Time: 00:07:43

Health: -1/28      AC:  2    Str:  8    XL:     5   Next: 27%
Magic:  4/10       EV: 15    Int: 16    God:
Gold:   116        SH:  0    Dex: 15    Spells: 4/10 levels left

rFire    . . .     SeeInvis .   h - +2 mace (protect)
rCold    . . .     Faith    .   (no shield)
rNeg     . . .     Spirit   .   a - +0 robe
rPois    .         Reflect  .   (helmet restricted)
rElec    .         Harm     .   (no cloak)
rCorr    .         Rampage  .   (no gloves)
Will     .....                  (boots unavailable)
Stlth    ++........             (no amulet)
HPRegen  0.09/turn              (no ring)
MPRegen  0.12/turn              (no ring)

@: flying quickly and evasively, quick
A: beak, talons 3, nimble flight
a: no special abilities


You were on level 3 of the Dungeon.
You visited 1 branch of the dungeon, and saw 3 of its levels.

You collected 116 gold pieces.

Inventory:

Hand Weapons
 h - a +2 mace of protection (weapon)
Missiles
 c - a throwing net
Armour
 a - a +0 robe (worn)
Scrolls
 d - 2 scrolls of teleportation
Potions
 b - a potion of berserk rage
 e - a potion of haste
 f - a potion of curing {unknown}
 g - a potion of flight {unknown}
 k - 2 potions of mutation


   Skills:
 + Level 0.1 Short Blades
 + Level 0.1 Maces & Flails
 + Level 2.7 Dodging
 - Level 2.0 Stealth
 + Level 3.1 Spellcasting
 + Level 3.3 Conjurations
 + Level 5.5 Air Magic


You had 4 spell levels left.
You knew the following spells:

 Your Spells              Type           Power      Damage    Failure   Level
a - Shock                 Conj/Air       64%        1d7       3%          1
b - Static Discharge      Conj/Air       16%        N/A       4%          2
c - Swiftness             Air            20%        N/A       5%          3

Your spell library contained the following spells:

 Spells                   Type           Power      Damage    Failure   Level
 Poisonous Vapours        Pois/Air       22%        N/A       9%          2
 Mephitic Cloud           Conj/Pois/Air  12%        N/A       16%         3
 Sting                    Tmut/Pois      8%         1d3       19%         1
 Airstrike                Air            10%        N/A       19%         4
 Ignite Poison            Fire/Tmut/Pois 2%         N/A       50%         3
 Olgreb's Toxic Radiance  Pois           2%         N/A       88%         4
 Lightning Bolt           Conj/Air       8%         1d20      63%         5


Dungeon Overview and Level Annotations

Branches:
Dungeon (3/15)

Altars:

Annotations:
D:3 Grinder


Innate Abilities, Weirdness & Mutations

You have a beak for a mouth.
You have claws for feet.
Your magical nature lets you fly swiftly and evasively.


Message History

The zap hits Grinder.
Grinder is lightly wounded.
Grinder shouts!
Grinder drinks a potion.
Grinder seems to speed up.
Casting: Shock (safe; 3% risk of failure)
Confirm with . or Enter, or press ? or * to list all spells.
Aiming: Shock (safe; 3% risk of failure)
Press: ? - help, Shift-Dir - straight line, f/p - Grinder
Aim: Grinder (lightly wounded, fast, 68% to hit)
The zap hits Grinder.
Grinder is lightly wounded.
Grinder says, "Just stop there for a second..."
Grinder misses you.
Casting: Shock (safe; 3% risk of failure)
Confirm with . or Enter, or press ? or * to list all spells.
Grinder is struck by an arc of lightning.
Grinder is moderately wounded.
You are struck by an arc of lightning.
The lightning grounds out.
Grinder hits you! Grinder hits you.
Casting: Static Discharge (safe; 4% risk of failure)
Confirm with . or Enter, or press ? or * to list all spells.
Grinder is struck by an arc of lightning.
Grinder is heavily wounded.
You are struck by an arc of lightning.
The lightning grounds out.
Grinder blinks!
Unknown command.
Casting: Static Discharge (safe; 4% risk of failure)
Confirm with . or Enter, or press ? or * to list all spells.
Aiming: Shock (safe; 3% risk of failure)
Press: ? - help, Shift-Dir - straight line, f/p - Grinder
Aim: Grinder (heavily wounded, fast, 68% to hit)
The zap hits Grinder.
Grinder is heavily wounded.
The zap hits Grinder.
Grinder is severely wounded.
Grinder gestures at you. Pain shoots through your body!
Grinder gestures at you. Pain shoots through your body!
You die...

..####.##...##
.#####.#.#.#.## #=..
........##....## ..#
'#####.###...#.## ..#
..## ##.........# ...
...## #..###.##.# #.#
# ....###.#.#.###.#
#.# .## .....##.##.##
#.#####.#...###
.....'..####
#.@............
.....##[#
#.#####5#...###
....###.# #.# .....##
...## #.#######.#
......#
..#####.........#
.......# +##
#...#####.###........#
.# #.#.# #.#
#......5.#
.####.#.#####.#
#........#
.#....#....##.#


You could see Grinder (fast).

Vanquished Creatures
  A centaur zombie (D:3)
  A bullfrog skeleton (D:3)
  An adder (D:2)
  14 dart slugs
  An orc (D:3)
  A bat (D:1)
  6 endoplasms
  4 giant cockroaches (D:1)
  5 hobgoblins
  4 kobolds
  2 quokkas (D:1)
  3 ball pythons
  2 rats (D:1)
45 creatures vanquished.

Notes
Turn   | Place    | Note
-------+----------+-------------------------------------------
     0 | D:1      | funkygono the Tengu Air Elementalist began the quest for
                  | the Orb.
     0 | D:1      | Reached XP level 1. HP: 10/10 MP: 4/4
   197 | D:1      | Reached XP level 2. HP: 14/15 MP: 1/6
   200 | D:1      | Learned a level 2 spell: Static Discharge
   413 | D:1      | Found a faded altar of an unknown god.
   692 | D:1      | Reached XP level 3. HP: 14/19 MP: 1/7
   696 | D:1      | Learned a level 3 spell: Swiftness
  1619 | D:2      | Reached skill level 5 in Air Magic
  2223 | D:3      | Reached XP level 4. HP: 20/24 MP: 1/8
  2716 | D:3      | Gained mutation: Your magical nature lets you fly swiftly
                  | and evasively. [Tengu growth]
  2716 | D:3      | Reached XP level 5. HP: 21/28 MP: 1/10
  3151 | D:3      | Noticed Grinder
  3161 | D:3      | Killed from afar by Grinder

Illustrated notes

Levels and vault maps discovered:
D:1:      lightli_arrival_noodles, layout_basic,
          hellmonk_ecumenical_altar_heavens_door, serial_glass, glass_columns_c,
          glass_columns_a, glass_columns_b, glass_columns_a, glass_columns_b,
          glass_columns_c
D:2:      layout_basic, chequers_jeans
D:3:      kennysheep_slugbush, layout_loops_corners, serial_shops, shop,
          grunt_ministairs_1, uniq_grinder

Skill      XL: |  1  2  3  4  5 |
---------------+----------------+-----
Conjurations   | 2 3 |  3.3
Air Magic      | 5 |  5.5
Spellcasting   | 3 |  3.1
Short Blades   | |  0.1
Maces & Flails | |  0.1
Dodging        | |  2.7
Stealth        | |  2.0

Action                   |  1- 3 |  4- 6 || total
-------------------------+-------+-------++-------
Melee: Short sword       |    11 |       ||    11
       Kick              |     1 |     5 ||     6
       Peck              |     1 |       ||     1
       Mace              |     2 |     6 ||     8
 Cast: Shock             |    72 |    47 ||   119
       Static Discharge  |     3 |     5 ||     8
  Use: Scroll            |     7 |       ||     7
Armor: Robe              |     3 |     2 ||     5
Dodge: Dodged            |    11 |    14 ||    25

Table legend: (Time is in decaauts)
 A = Elapsed time spent in this place.
 B = Non-inter-level travel time spent in this place.
 C = Inter-level travel time spent in this place.
 D = Time resting spent in this place.
 E = Time spent auto-exploring this place.
 F = Levels seen in this place.
 G = Mean time per level.
                   A        B        C        D        E       F      G
               +--------+--------+--------+--------+--------+-----+--------+
         Total |   3144 |   3121 |     23 |    241 |   2591 |   3 | 1048.0 |
       Dungeon |   3144 |   3121 |     23 |    241 |   2591 |   3 | 1048.0 |
               +--------+--------+--------+--------+--------+-----+--------+

Top non-repeatable levels by time:
     D:2: 1229 daAuts
     D:1: 1152 daAuts
     D:3: 763 daAuts
